 Dungeon Crawl Stone Soup version 0.31.0-32-g396128a36d (webtiles) character file.

Game seed: 2933463771330058096

1349 H0rd4k the Sneak (level 8, -6/50 HPs)
             Began as an Octopode Artificer on Apr 12, 2024.
             Mangled by a sleepcap (9 damage)
             ... on level 6 of the Dungeon.
             The game lasted 00:05:15 (3403 turns).

H0rd4k the Sneak (Octopode Artificer)               Turns: 3403, Time: 00:05:16

Health: -6/50      AC:  1    Str: 11    XL:     8   Next: 63%
Magic:  8/8        EV: 14    Int: 16    God:
Gold:   302        SH:  0    Dex: 12    Spells: 7/7 levels left

rFire   . .          .
                       - Unarmed
rCold   . . .        (no shield)
rNeg    . . .        (helmet restricted)
rPois   .            (no amulet)
rElec   .            (no ring)
rCorr   .            (no ring)
SInv    .            (no ring)
Will    .....        (no ring)
Stlth   ++++         (no ring)
HPRegen 0.28/turn    (no ring)
MPRegen 0.11/turn    (no ring)
                     (no ring)

%: no passive effects
@: hasted, very quick
A: almost no armour, amphibious, 8 rings, camouflage 1, gelatinous body 1,
(nimble swimmer 1), tentacles
a: no special abilities


You were on level 6 of the Dungeon.
You visited 1 branch of the dungeon, and saw 5 of its levels.
You also visited: Sewer.

You collected 302 gold pieces.

Inventory:

Missiles
 h - 11 poisoned darts
 w - 2 throwing nets
Armour
 C - an orb of guile
Jewellery
 v - an amulet of regeneration
Talismans
 y - a maw talisman
Wands
 b - a wand of flame (13) (quivered)
 c - a wand of charming (7)
 q - a wand of mindburst (4)
Scrolls
 e - a scroll of amnesia {unknown}
 g - 6 scrolls of teleportation {unknown}
 i - 6 scrolls of identify {unknown}
 k - 2 scrolls of immolation {unknown}
 l - 2 scrolls of poison {unknown}
 s - a scroll of enchant armour {unknown}
 u - 2 scrolls of blinking {unknown}
 z - a scroll of revelation {unknown}
 A - a scroll of noise {unknown}
Potions
 a - a potion of berserk rage {unknown}
 f - 2 potions of curing {unknown}
 j - a potion of heal wounds {unknown}
 m - 2 potions of haste
 n - a potion of attraction {unknown}
 o - a potion of lignification {unknown}
 p - a potion of ambrosia {unknown}
 r - a potion of might {unknown}
 t - a potion of brilliance {unknown}
 x - a potion of cancellation {unknown}
 B - a potion of invisibility {unknown}


   Skills:
 + Level 2.3 Fighting
 + Level 4.4 Dodging
 + Level 7.2 Stealth
 + Level 5.9 Unarmed Combat
 + Level 6.1 Evocations


You had 7 spell levels left.
You didn't know any spells.
Your spell library contained the following spells:

 Spells                   Type           Power      Damage    Failure   Level
 Freeze                   Ice            0%         1d3       26%         1
 Sandblast                Erth           0%         2d4       26%         1
 Frozen Ramparts          Ice            0%         1d1       58%         3
 Hailstorm                Conj/Ice       0%         3d5       58%         3
 Passwall                 Erth           0%         N/A       58%         3
 Stone Arrow              Conj/Erth      0%         3d7       58%         3
 Brom's Barrelling Bould  Conj/Erth      0%         2d3       94%         4


Dungeon Overview and Level Annotations

Branches:
Dungeon (6/15)              Sewer (visited)
 Temple: D:4-7

Altars:
Cheibriados
Vehumet
The Shining One

Annotations:
D:5 1 runed translucent door, Pascal76's ghost, novice DsFi


Innate Abilities, Weirdness & Mutations

You cannot wear most types of armour.
You are amphibious.
You can wear up to eight rings at the same time.
Your skin changes colour to match your surroundings (Stealth+).
Your rubbery body absorbs attacks. (AC +1, EV +1)
((You are camouflaged when in or above water. (Stealth+)))
You have tentacles for arms and can constrict up to eight enemies at once.


Message History

* * * LOW HITPOINT WARNING * * *
You release your grip on the white imp.
The white imp attacks as it pursues you!
The white imp hits you.
* * * LOW HITPOINT WARNING * * *
The white imp freezes you.
* * * LOW HITPOINT WARNING * * *
Aiming: Charm
Press: ? - help, Shift-Dir - straight line, f - white imp
Aim: a white imp (almost dead, chance to affect: 72%)
The white imp struggles to resist.
The white imp barely misses you.
Unknown command.
Aiming: Charm
Press: ? - help, Shift-Dir - straight line, f/p - white imp
Aim: a white imp (almost dead, chance to affect: 72%)
The white imp is charmed.
The sleepcap closely misses your white imp.
It was a potion of haste.
You feel yourself speed up.
Your attacks no longer feel as feeble.
The sleepcap releases spores at your white imp.
Your white imp dies!
Aiming: Iceblast
Press: ? - help, Shift-Dir - straight line, f - sleepcap
Aim: a sleepcap The mass of ice explodes!
The iceblast engulfs the sleepcap!
The sleepcap is severely damaged.
The iceblast engulfs the gnoll!
The gnoll is severely wounded.
The iceblast engulfs the gnoll bouda!!
The gnoll bouda is almost dead.
The iceblast engulfs the gnoll!!
You kill the gnoll!
The now-empty wand crumbles to dust.
The gnoll bouda barks out a call to the hunt!
The gnoll picks up the pace!
Aiming: Charm
Press: ? - help, Shift-Dir - straight line, f/p - sleepcap
Aim: a sleepcap (severely damaged, chance to affect: 72%)
The sleepcap struggles to resist.
The sleepcap releases spores at you!
You die...

#.....## . ......
#...#...#####.. .......
###....#.#....... .......
###......#.#.....# .......
##........#.#g....#. .....
#..#...###.g)# .. ..# ##.#.
#.....#...#g#...# ...##....
#...###...#f#...# .........
##.#..#...#@#...# #........
#.#...###...###.. #.#......
##.#.....#...#.....#.#......
#...###...###...###.........
##.#...#.$.....#...#.#......
#.#...###...###...#.##.....
#.#...#..#.#..#...#.#......
#...###...#.#...###.........
#...#.....#.#.....#.........


You could see a sleepcap, a gnoll bouda and a gnoll (swift).

Vanquished Creatures
  An ice beast (D:5)
  A crocodile (Sewer)
  4 ogres
  2 phantoms (D:5)
  A centaur (D:5)
  2 scorpions
  A bombardier beetle (D:4)
  A hound (D:5)
  2 sleepcaps
  Ijyb (D:4)
  An iguana (D:6)
  A gnoll (D:6)
  An adder (D:4)
  5 dart slugs
  A ribbon worm (D:4)
  6 ball pythons
  2 endoplasms (D:4)
  6 giant cockroaches
  9 goblins
  6 hobgoblins
  8 jackals
  3 quokkas
  3 bats
  10 kobolds
  5 rats
83 creatures vanquished.

Vanquished Creatures (collateral kills)
  An ogre (D:5)
  A scorpion (D:4)
  A bombardier beetle (D:5)
  2 iguanas
5 creatures vanquished.

Vanquished Creatures (others)
  A white imp (D:6)
1 creature vanquished.

Grand Total: 89 creatures vanquished

Notes
Turn   | Place    | Note
-------+----------+-------------------------------------------
     0 | D:1      | H0rd4k the Octopode Artificer began the quest for the Orb.
     0 | D:1      | Reached XP level 1. HP: 13/13 MP: 1/1
   205 | D:1      | Reached XP level 2. HP: 18/18 MP: 2/2
   584 | D:1      | Found a faded altar of an unknown god.
   610 | D:1      | Reached XP level 3. HP: 19/23 MP: 3/3
   979 | D:2      | Reached skill level 2 in Stealth
  1188 | D:2      | Reached skill level 1 in Unarmed Combat
  1262 | D:2      | You fall into a shaft and drop 2 floors!
  1361 | D:4      | Reached XP level 4. HP: 28/28 MP: 4/4
  1402 | D:4      | Found a glowing drain.
  1406 | Sewer    | Entered a sewer
  1493 | Sewer    | Noticed a crocodile
  1496 | Sewer    | Killed a crocodile
  1497 | Sewer    | Reached skill level 3 in Stealth
  1497 | Sewer    | Reached XP level 5. HP: 33/33 MP: 5/5
  1669 | D:4      | Noticed Ijyb
  1675 | D:4      | Killed Ijyb
  1905 | D:4      | Found a radiant altar of Vehumet.
  2040 | D:4      | Noticed an ogre
  2048 | D:4      | Reached skill level 4 in Stealth
  2048 | D:4      | Reached XP level 6. HP: 32/38 MP: 6/6
  2206 | D:5      | Entered Level 5 of the Dungeon
  2206 | D:5      | Found a runed translucent door.
  2238 | D:5      | Reached skill level 5 in Stealth
  2238 | D:5      | Reached XP level 7. HP: 43/43 MP: 7/7
  2268 | D:5      | Noticed Pascal76's ghost (novice DsFi)
  2371 | D:5      | Found a glowing golden altar of the Shining One.
  2664 | D:5      | Reached skill level 6 in Stealth
  2664 | D:5      | Reached skill level 5 in Evocations
  2677 | D:5      | Reached skill level 5 in Unarmed Combat
  2733 | D:5      | Reached XP level 8. HP: 50/50 MP: 8/8
  2781 | D:5      | Found a snail-covered altar of Cheibriados.
  2984 | D:5      | Reached skill level 7 in Stealth
  3398 | D:6      | HP: 2/50 [white imp (3)]
  3403 | D:6      | Mangled by a sleepcap

Illustrated notes

Levels and vault maps discovered:
D:1:      mrwooster_arrival_statue, layout_loops_cross,
          dreamdust_ecumenical_altar_grove
D:2:      layout_basic, nicolae_eternal_life
D:4:      minmay_spotlight, layout_rooms, nicolae_vehumet_altar_sigil,
          gup_sewer_entry_bowl, serial_aquarium, aquarium_bridge_long_joined
          [aquarium_subvault_wall, aquarium_subvault_wall,
          aquarium_subvault_bridge, aquarium_subvault_bridge,
          aquarium_subvault_bridge, aquarium_subvault_wall],
          aquarium_bridge_straight [aquarium_subvault_bridge,
          aquarium_subvault_window, aquarium_subvault_bridge,
          aquarium_subvault_window], aquarium_window_1, aquarium_window_2,
          aquarium_window_fake, aquarium_view_2a, aquarium_view_2b,
          aquarium_pool_side, uniq_ijyb
D:5:      layout_cave_pools, kennysheep_mini, marbit_many_paths,
          minmay_temple_entry_from_below_a, ebering_ghost_sewer_d,
          grunt_decor_resistance, minmay_misc_feat_diagonals
D:6:      layout_rooms, serial_shops, nicolae_shop_tiny_glass,
          serial_library_hellmonk_room_b, nicolae_titane,
          uniq_crazy_yiuf_cottage

Skill      XL: |  1  2  3  4  5  6  7  8 |
---------------+-------------------------+-----
Evocations     | 4 5 6 |  6.1
Stealth        | 2 3 4 5 6 7 |  7.2
Unarmed Combat | 1 2 4 5 |  5.9
Dodging        | 3 4 |  4.4
Fighting       | 2 |  2.3

Action                     |  1- 3 |  4- 6 |  7- 9 || total
---------------------------+-------+-------+-------++-------
  Melee: Unarmed           |   114 |    46 |    56 ||   216
         Constrict         |    36 |    12 |    10 ||    58
         Tentacles         |    25 |    12 |    23 ||    60
         Punch             |     4 |       |     5 ||     9
  Evoke: Wand              |     1 |    19 |    21 ||    41
    Use: Potion            |       |       |     1 ||     1
   Stab: Sleeping          |     7 |     5 |     2 ||    14
         Distracted        |       |       |     1 ||     1
 Armour: Skin              |    47 |    19 |    45 ||   111
  Dodge: Dodged            |    84 |    23 |    44 ||   151
